 Dungeon Crawl Stone Soup version 0.17.0-28-g6e173f8 (webtiles) character file.

365 dorian the Conjurer (level 6, -2/36 HPs)
             Began as an Octopode Conjurer on Dec 1, 2015.
             Was an Initiate of Vehumet.
             Slain by Pikel
             ... wielding a +2 whip of electrocution
              (17 damage)
             ... on level 4 of the Dungeon.
             The game lasted 00:11:20 (4992 turns).

dorian the Conjurer (Octopode Conjurer)             Turns: 4992, Time: 00:11:20

Health: -2/36      AC:  1    Str:  7    XL:     6   Next: 68%
Magic:  12/12      EV: 12    Int: 20    God:    Vehumet [......]
Gold:   108        SH:  0    Dex: 12    Spells: 2 memorised, 10 levels left

rFire  . . .     SeeInvis .     v - +0 blowgun
rCold  . . .     Clarity  .     (no shield)
rNeg   . . .     SustAt   .     (helmet restricted)
rPois  .         Gourm    .     (no amulet)
rElec  .         Spirit   .     (no ring)
rCorr  .         Warding  .     (no ring)
rMut   .         Stasis   .     (no ring)
MR     .....                    (no ring)
Stlth  +++.......               (no ring)
                                (no ring)
                                (no ring)
                                (no ring)

@: not resistant to hostile enchantments, fairly stealthy
A: almost no armour, amphibious, 8 rings, constrict 8, camouflage 1, gelatinous
body 1
a: Renounce Religion


You were on level 4 of the Dungeon.
You worshipped Vehumet.
Vehumet was noncommittal.
You were not hungry.

You visited 1 branch of the dungeon, and saw 4 of its levels.
You also visited: Sewer.

You collected 108 gold pieces.

Inventory:

Hand Weapons
 v - a +0 blowgun (weapon)
 z - a +3 quarterstaff of chaos
Missiles
 n - 23 poisoned needles (quivered)
Wands
 y - a wand of frost (22)
Scrolls
 d - a scroll of amnesia {unknown}
 e - 6 scrolls of identify {unknown}
 g - a scroll of magic mapping {unknown}
 k - 2 scrolls of remove curse {unknown}
 q - a scroll of fog {unknown}
 t - a scroll of teleportation {unknown}
 x - a scroll of enchant armour {unknown}
Potions
 c - 2 potions of agility {unknown}
 f - a potion of curing
 j - a potion of magic {unknown}
 l - a potion of brilliance {unknown}
 m - a potion of degeneration {unknown}
 o - a potion of ambrosia {unknown}
 p - a potion of invisibility {unknown}
 r - 4 potions of heal wounds {unknown}
 s - a potion of haste {unknown}
 w - 4 potions of flight {unknown}
Books
 a - a book of Conjurations

   Spells                             Type                      Level
   a - Magic Dart                     Conjuration                  1
   b - Searing Ray                    Conjuration                  2
   c - Dazzling Spray                 Conjuration/Hexes            3
   d - Fulminant Prism                Conjuration/Hexes            4
   e - Iskenderun's Mystic Blast      Conjuration                  4
   f - Iskenderun's Battlesphere      Conjuration/Charms           5
Comestibles
 b - 2 bread rations
 i - 3 fruits
 u - 2 meat rations
 A - 5 chunks of flesh


   Skills:
 - Level 2.0 Dodging
 - Level 2.6 Stealth
 + Level 4.0 Spellcasting
 * Level 6.6 Conjurations


You had 10 spell levels left.
You knew the following spells:

 Your Spells              Type           Power        Failure   Level  Hunger
a - Magic Dart            Conj           ####         1%          1    None
b - Searing Ray           Conj           ####..       1%          2    #......


Dungeon Overview and Level Annotations

Branches:
Dungeon (4/15)
 Temple: D:4-7

Altars:
Dithmenos
Elyvilon
Makhleb
Nemelex Xobeh
Vehumet

Annotations:
D:4 Pikel


Innate Abilities, Weirdness & Mutations

You cannot wear most types of armour.
You are amphibious.
You can wear up to eight rings at the same time.
You can use your tentacles to constrict eight enemies at once.
Your skin changes colour to match your surroundings (Stealth).
Your rubbery body absorbs attacks (AC +1).


Message History

Things that are here:
a short sword; a cloak
There is a stone staircase leading up here.
Things that are here:
a chain mail; a club You see here 2 needles of confusion.
Pikel cracks his whip.
You see here a poisoned needle.
You see here a poisoned needle.
Things that are here:
a chain mail; a club Pikel says, "It's all about the gold, really."
Pikel checks his coin pouch and frowns.
You see here 2 needles of confusion.
You see here a poisoned needle.
Pikel says, "It's all about the gold, really."
You see here a poisoned needle.
Pikel hits you with a whip of electrocution.
You are electrocuted!
You die...

...#....#.....###......##
#######...#.........##..##...###.
...#.....####....................
.....###..###.....###............
......###..###.....###)#.........
.......###.<##...................
...............[...)<..###.......
........###...#.#.#.#.#..........
....#......###.รท@.......###......
....##..###...#K##+##[#.# #.##...
#######.# ####(.#...#...# #.# ...
##.# ##((...'.#.## #..# #.
#.(#...#....#.. ## ##.##
#...#.##'##.#....(.##. .# ##..#
####.....(...........# (# #..##
###.#.#(#.#........ )# #..#
#.###.......#.....


You could see Pikel.

Vanquished Creatures
  4 slaves
  A big kobold (Sewer)
  A hound (D:3)
  Crazy Yiuf (D:4)
  A worker ant (D:4)
  8 adders
  2 river rats (Sewer)
  3 worms (D:2)
  9 giant geckos
  5 orcs
  3 giant cockroaches
  12 hobgoblins
  16 jackals
  A ball python (D:1)
  10 bats
  6 giant newts
  12 goblins
  9 kobolds
  9 rats
113 creatures vanquished.

Notes
Turn   | Place    | Note
--------------------------------------------------------------
     0 | D:1      | dorian the Octopode Conjurer began the quest for the Orb.
     0 | D:1      | Reached XP level 1. HP: 11/11 MP: 3/3
   130 | D:1      | Reached XP level 2. HP: 10/17 MP: 1/5
   638 | D:1      | Reached XP level 3. HP: 21/21 MP: 2/6
  1205 | D:2      | Found a shadowy altar of Dithmenos.
  1641 | D:2      | Reached skill level 5 in Conjurations
  1814 | D:2      | Reached XP level 4. HP: 23/27 MP: 1/8
  1855 | D:2      | Learned a level 2 spell: Searing Ray
  2008 | D:2      | Found a white marble altar of Elyvilon.
  2010 | D:2      | Found a burning altar of Makhleb.
  2460 | D:3      | Found a glowing drain.
  2550 | Sewer    | Entered a sewer
  2561 | Sewer    | Reached XP level 5. HP: 9/31 MP: 1/9
  2899 | Sewer    | Noticed a big kobold
  3012 | Sewer    | Killed a big kobold
  3012 | Sewer    | Reached skill level 6 in Conjurations
  3096 | Sewer    | Found a glowing silver altar of Zin.
  3254 | D:3      | Reached XP level 6. HP: 23/36 MP: 2/11
  3721 | D:3      | Found a radiant altar of Vehumet.
  3733 | D:3      | Became a worshipper of Vehumet
  3890 | D:4      | Noticed Crazy Yiuf
  4191 | D:4      | Noticed Pikel
  4569 | D:4      | Killed Crazy Yiuf
  4842 | D:4      | Found a sparkling altar of Nemelex Xobeh.
  4992 | D:4      | Slain by Pikel

Action                   |  1- 3 |  4- 6 || total
-------------------------+-------+-------++-------
Melee: Unarmed           |    40 |    18 ||    58
 Fire: Blowgun           |       |    54 ||    54
 Cast: Magic Dart        |    78 |   111 ||   189
       Searing Ray       |       |    10 ||    10
 Stab: Sleeping          |       |     4 ||     4
  Eat: Chunk             |     3 |     8 ||    11
       Bread ration      |       |     1 ||     1
